 Dungeon Crawl Stone Soup version 0.23.2-1-ga50397a (webtiles) character file.

Game seed: 2104938870820520876

18360 diana the Carver (level 12, -7/93 HPs)
             Began as a Demonspawn Gladiator on Apr 26, 2019.
             Was a Believer of Ashenzari.
             Killed from afar by Josephine (21 damage)
             ... with a ghostly fireball
             ... on level 11 of the Dungeon.
             The game lasted 00:36:10 (11810 turns).

diana the Carver (Demonspawn Gladiator)            Turns: 11810, Time: 00:36:12

Health: -7/93      AC: 15    Str: 20    XL:     12   Next: 27%
Magic:  12/12      EV: 18    Int: 13    God:    Ashenzari [**....]
Gold:   686        SH:  0    Dex: 15    Spells: 11/11 levels left

rFire    + + .     SeeInvis .   u - +0 great sword (curse)
rCold    . . .     Gourm    .   (shield currently unavailable)
rNeg     . . .     Faith    .   B - +2 ring mail of Disguise {+Fly Str+2}
rPois    +         Spirit   .   n - +2 hat
rElec    +         Reflect  .   v - +0 cloak
rCorr    +         Harm     .   A - +0 pair of gloves
MR       .....                  (no boots)
Stlth    +.........             (no amulet)
HPRegen  0.25/turn              t - +4 ring of evasion (curse)
MPRegen  0.13/turn              y - ring of fire

@: resistant, slowed, heavily drained, very slow
A: claws 1, icy blue scales 2, clever 1, powered by death 2
a: Curse Item, Scrying, Renounce Religion, Evoke Flight


You were on level 11 of the Dungeon.
You worshipped Ashenzari.
Ashenzari was pleased with you.
You were not hungry.

You visited 3 branches of the dungeon, and saw 13 of its levels.

You collected 686 gold pieces.

Inventory:

Hand Weapons
 o - a +1 scimitar of flaming
 q - a +0 scimitar
 u - a cursed +0 great sword (weapon)
 G - the +3 Elemental Staff {rElec rF++ rC++ MR++ AC+5}
   (You found it on level 9 of the Dungeon)

   It affects your AC (+5).
   It greatly protects you from fire.
   It greatly protects you from cold.
   It insulates you from electricity.
   It affects your resistance to hostile enchantments.
Missiles
 d - 4 throwing nets (quivered)
Armour
 c - a +0 helmet
 n - a +2 hat (worn)
 v - a +0 cloak (worn)
 z - the +2 ring mail of Venidgh {rElec}
   (You found it on level 7 of the Dungeon)

   It insulates you from electricity.
 A - a +0 pair of gloves (worn)
 B - the +2 ring mail of Disguise (worn) {+Fly Str+2}
   (You found it on level 7 of the Dungeon)

   It affects your strength (+2).
   It lets you fly.
 L - a +2 leather armour of cold resistance
Jewellery
 t - a cursed +4 ring of evasion (left hand)
 y - a ring of fire (right hand)
 C - an uncursed ring of resist corrosion
 D - an uncursed amulet of faith
 K - an uncursed ring of fire
Wands
 a - a wand of flame (16)
 E - a wand of polymorph (8)
 F - a wand of disintegration (21)
 I - a wand of iceblast (3)
Scrolls
 e - 4 scrolls of amnesia
 h - 6 scrolls of remove curse
 i - 2 scrolls of fog {unknown}
 k - 2 scrolls of blinking {unknown}
 l - 2 scrolls of magic mapping
 m - a scroll of enchant armour {unknown}
 p - 2 scrolls of noise
 x - a scroll of enchant weapon {unknown}
 J - a scroll of acquirement {unknown}
 M - 2 scrolls of identify
Potions
 g - 3 potions of flight
 r - a potion of curing
 s - a potion of brilliance
 w - 3 potions of degeneration
 H - 2 potions of magic
 O - a potion of lignification
Comestibles
 f - 22 rations


   Skills:
 + Level 8.2(6.1) Fighting
 - Level 14.0 Long Blades
 - Level 1.7(0.0) Throwing
 + Level 7.2(5.2) Armour
 - Level 7.2(5.2) Dodging


You had 11 spell levels left.
You didn't know any spells.
Your spell library contained the following spells:

 Spells                   Type           Power        Failure   Level  Hunger
 Sandblast                Erth           #.....       45%         1    ##.....
 Summon Small Mammal      Summ           #...         45%         1    ##.....
 Call Imp                 Summ           #.......     58%         2    ###....
 Passwall                 Tmut/Erth      #.......     58%         2    ###....
 Call Canine Familiar     Summ           #.......     83%         3    ####...
 Stone Arrow              Conj/Erth      #.....       83%         3    ####...
 Summon Guardian Golem    Hex/Summ       #.......     83%         3    ####...
 Petrify                  Tmut/Erth      #.......     99%         4    #####..
 Summon Ice Beast         Ice/Summ       #.......     99%         4    #####..
 Summon Lightning Spire   Summ/Air       #.......     99%         4    #####..
 Lee's Rapid Deconstruct  Erth           #.........   100%        5    ######.


Dungeon Overview and Level Annotations

Branches:
Dungeon (11/15)            Temple (1/1) D:6            Lair (1/6) D:9
    Orc (0/2) D:10

Altars:
Ashenzari
Cheibriados
Dithmenos
Elyvilon
Fedhas
Gozag
Hepliaklqana
Kikubaaqudgha
Makhleb
Nemelex Xobeh
Okawaru
Qazlal
Ru
Sif Muna
Trog
Uskayaw
Vehumet
Wu Jian
Xom
Yredelemnul
The Shining One

Annotations:
D:2 1 runed translucent door, Crazy Yiuf
D:11 3 runed translucent doors, Josephine


Innate Abilities, Weirdness & Mutations

You have sharp fingernails.
You are mostly covered in icy blue scales. (AC +3)
You regenerate health from kills.
Your mind is acute. (Int +2)


Message History

Josephine casts a spell at you.
The ghostly flame explodes!
The ghostly fireball engulfs you.
You feel drained.
* * * LOW HITPOINT WARNING * * *
The ghostly fireball engulfs Josephine.
Josephine completely resists.
You slash Josephine!
Josephine is severely wounded.
Josephine hits you but does no damage.
You writhe in agony.
* * * LOW HITPOINT WARNING * * *
Unknown command.
Throwing (i - inventory)
d - 5 throwing nets (quivered)
Press: ? - help, Shift-Dir - straight line, f - Josephine
Aim: Josephine, wielding a +2 dagger of pain and wearing a +1 robe of magic resistance (severely wounded)
You throw a throwing net.
The throwing net barely misses Josephine.
Josephine hits you but does no damage.
You writhe in agony.
* * * LOW HITPOINT WARNING * * *
Josephine casts a spell at you.
The ghostly flame explodes!
The ghostly fireball engulfs you!!
You feel drained.
You die...

...#.. #. * ....
...... ,, .., ,....
##.#.# ####.## (....
,,... #....(##..[..,
#. ,#............, ,.#
* #......#..... ...# ,
##....†.......
...#####.....(#.#####*
.............)#.@##
..#...........##@.###
.....#..............#
....................#
..........^.........#
....................#
................(...#
................#####
.................#


You could see Josephine.

Vanquished Creatures
  Harold (D:7)
  A hydra (D:8)
  A centaur warrior (D:8)
  Erica (D:11)
  2 two-headed ogres (D:9)
  Sonja (D:11)
  A harpy (D:9)
  Pikel (D:9)
  A manticore (D:11)
  Joseph (Lair:1)
  Maurice (D:9)
  5 spiny frogs (Lair:1)
  3 komodo dragons (Lair:1)
  3 hippogriffs
  2 dream sheep (D:8)
  Sigmund (D:2)
  5 wraiths (D:11)
  9 yaks
  A wyvern (D:8)
  A steam dragon (D:9)
  A hungry ghost (D:8)
  3 water moccasins
  Edmund (D:6)
  A porcupine (Lair:1)
  5 ogres
  2 orc warriors
  An ice beast (D:5)
  4 phantoms
  4 slaves (D:9)
  4 sky beasts
  A black bear (D:9)
  3 centaurs
  A hornet zombie (D:10)
  6 wolves (Lair:1)
  6 big kobolds
  4 bullfrogs
  A gnoll sergeant (D:8)
  A wyvern skeleton (D:10)
  7 scorpions
  5 wights
  10 killer bees
  A howler monkey (D:5)
  2 crimson imps
  A bullfrog zombie (D:11)
  4 hounds
  A jelly (D:11)
  5 orc wizards
  An orc priest (D:11)
  A bullfrog skeleton (D:5)
  3 centaur skeletons
  2 iguanas
  7 worker ants
  A killer bee zombie (D:9)
  A hound skeleton (D:4)
  A worker ant zombie (D:5)
  6 gnolls (D:8)
  A howler monkey skeleton (D:8)
  14 adders
  2 shadow imps
  An adder zombie (D:5)
  An ooze (D:3)
  2 adder skeletons
  4 dart slugs
  4 leopard geckos
  19 orcs
  5 bats
  7 giant cockroaches
  7 goblins
  3 hobgoblins
  12 jackals
  21 kobolds
  9 quokkas
  2 ball pythons
  8 frilled lizards
  A giant cockroach zombie (D:5)
  A jackal zombie (D:7)
  7 rats
281 creatures vanquished.

Vanquished Creatures (others)
  12 fungi
  8 plants
20 creatures vanquished.

Grand Total: 301 creatures vanquished

Notes
Turn   | Place    | Note
-------+----------+-------------------------------------------
     0 | D:1      | diana the Demonspawn Gladiator began the quest for the Orb.
     0 | D:1      | Reached XP level 1. HP: 16/16 MP: 1/1
    73 | D:1      | Reached skill level 3 in Long Blades
   366 | D:1      | Gained mutation: You regenerate a little health from kills.
                  | [demonic ancestry]
   366 | D:1      | Reached XP level 2. HP: 22/22 MP: 2/2
   532 | D:2      | Reached skill level 1 in Armour
   579 | D:2      | Noticed Sigmund
   588 | D:2      | Gained mutation: You have supernaturally acute eyesight.
                  | (SInv) [potion of mutation]
   588 | D:2      | Lost mutation: You have supernaturally acute eyesight.
                  | (SInv) [potion of mutation]
   588 | D:2      | Gained mutation: Your mind is acute. (Int +2) [potion of
                  | mutation]
   595 | D:2      | Noticed a wight
   598 | D:2      | Noticed a wight
   598 | D:2      | Noticed a wight
   738 | D:2      | Noticed a wight
   770 | D:1      | Gained mutation: You have sharp fingernails. [demonic
                  | ancestry]
   770 | D:1      | Reached XP level 3. HP: 20/27 MP: 3/3
  1304 | D:3      | Reached XP level 4. HP: 12/33 MP: 4/4
  1982 | D:4      | Reached skill level 4 in Long Blades
  2275 | D:4      | Found a white marble altar of Elyvilon.
  2441 | D:4      | Reached XP level 5. HP: 32/38 MP: 5/5
  2732 | D:5      | Entered Level 5 of the Dungeon
  2830 | D:5      | Found a burning altar of Makhleb.
  2918 | D:2      | Reached XP level 6. HP: 13/44 MP: 6/6
  3192 | D:2      | Found a runed translucent door.
  3193 | D:2      | Noticed Crazy Yiuf
  3384 | D:2      | Killed Sigmund
  3384 | D:2      | Reached skill level 5 in Long Blades
  3439 | D:5      | Found a shadowy altar of Dithmenos.
  3451 | D:5      | Reached skill level 6 in Long Blades
  3451 | D:5      | Gained mutation: You are partially covered in icy blue
                  | scales. (AC +2) [demonic ancestry]
  3451 | D:5      | Reached XP level 7. HP: 28/52 MP: 7/7
  3950 | D:6      | Reached skill level 7 in Long Blades
  4031 | D:6      | Found a blossoming altar of Fedhas.
  4094 | D:6      | Found a staircase to the Ecumenical Temple.
  4125 | Temple   | Entered the Ecumenical Temple
  4331 | Temple   | Became a worshipper of Ashenzari the Shackled
  4442 | D:6      | Gained mutation: You are mostly covered in icy blue scales.
                  | (AC +3) [demonic ancestry]
  4442 | D:6      | Reached XP level 8. HP: 56/58 MP: 8/8
  4638 | D:6      | Found a stormy altar of Qazlal.
  4640 | D:6      | Noticed Edmund
  4645 | D:6      | Reached skill level 8 in Long Blades
  4673 | D:6      | Killed Edmund
  4691 | D:6      | Reached skill level 9 in Long Blades
  5178 | D:7      | Noticed Harold
  5429 | D:7      | Found an iron altar of Okawaru.
  5494 | D:7      | Got the uncursed ring mail of Venidgh {rElec}
  5505 | D:7      | Identified the +2 ring mail of Venidgh {rElec} (You found
                  | it on level 7 of the Dungeon)
  5594 | D:7      | Reached skill level 10 in Long Blades
  5626 | D:7      | Found an iron altar of Okawaru.
  5643 | D:7      | Found an ornate altar of the Wu Jian Council.
  5643 | D:7      | Found a deep blue altar of Sif Muna.
  5643 | D:7      | Found a blossoming altar of Fedhas.
  5650 | D:7      | Found a stormy altar of Qazlal.
  5661 | D:7      | Got the uncursed ring mail of Disguise {+Fly Str+2}
  5672 | D:7      | Identified the +2 ring mail of Disguise {+Fly Str+2} (You
                  | found it on level 7 of the Dungeon)
  5718 | D:7      | Reached XP level 9. HP: 63/63 MP: 9/9
  5767 | D:7      | Reached * piety under Ashenzari
  5859 | D:7      | Found a sparkling altar of Nemelex Xobeh.
  6028 | D:7      | Killed Harold
  6028 | D:7      | Reached skill level 11 in Long Blades
  6378 | D:8      | Found a hazy altar of Hepliaklqana.
  6522 | D:8      | Found an opulent altar of Gozag.
  6773 | D:8      | Reached skill level 12 in Long Blades
  7034 | D:8      | Reached XP level 10. HP: 58/71 MP: 10/10
  7641 | D:8      | Noticed a three-headed hydra
  7660 | D:8      | Killed a three-headed hydra
  7660 | D:8      | Reached skill level 5 in Fighting
  7674 | D:8      | Identified the +4 halberd of Intuition {chop, rElec}
  7794 | D:9      | Noticed Maurice
  7855 | D:9      | Noticed a centaur warrior
  7862 | D:8      | Killed a centaur warrior
  8063 | D:9      | Noticed Pikel
  8117 | D:9      | Killed Pikel
  8117 | D:9      | Reached skill level 13 in Long Blades
  8126 | D:9      | Killed Maurice
  8237 | D:9      | Found the +3 Elemental Staff {rElec rF++ rC++ MR++ AC+5}
  8337 | D:9      | Noticed a harpy
  8350 | D:9      | Killed a harpy
  8350 | D:9      | Reached XP level 11. HP: 19/79 MP: 11/11
  8624 | D:9      | Noticed a two-headed ogre
  8855 | D:9      | Found a staircase to the Lair.
  9081 | D:9      | Killed a two-headed ogre
  9081 | D:9      | Reached skill level 14 in Long Blades
  9271 | D:10     | Entered Level 10 of the Dungeon
  9304 | D:10     | Found a staircase to the Orcish Mines.
  9552 | Lair:1   | Entered Level 1 of the Lair of Beasts
  9562 | Lair:1   | Reached skill level 5 in Dodging
  9595 | Lair:1   | Noticed Joseph
  9615 | Lair:1   | Killed Joseph
  9866 | Lair:1   | Reached ** piety under Ashenzari
  9941 | Lair:1   | Reached skill level 5 in Armour
 10777 | D:10     | Noticed a two-headed ogre
 10820 | D:9      | Killed a two-headed ogre
 11323 | D:11     | Noticed Erica
 11356 | D:10     | Gained mutation: You regenerate health from kills. [demonic
                  | ancestry]
 11356 | D:10     | Reached XP level 12. HP: 54/91 MP: 12/12
 11547 | D:11     | Killed Erica
 11676 | D:11     | Found a runed translucent gate.
 11676 | D:11     | Found a runed translucent gate.
 11676 | D:11     | Found a runed translucent gate.
 11749 | D:11     | Noticed Sonja
 11762 | D:11     | Killed Sonja
 11798 | D:11     | Noticed Josephine
 11810 | D:11     | Killed from afar by Josephine

Skill      XL: |  1  2  3  4  5  6  7  8  9 10 11 12 |
---------------+-------------------------------------+-----
Long Blades    | 3 4 6 7 10 12 13 14 | 14.0
Armour         | 1 2 3 4 6 7 |  7.2
Fighting       | 3 5 7 8 |  8.2
Dodging        | 3 4 6 7 |  7.2
Throwing       | |  1.7

Action                   |  1- 3 |  4- 6 |  7- 9 | 10-12 || total
-------------------------+-------+-------+-------+-------++-------
Melee: Long sword        |   113 |    40 |       |       ||   153
       Scimitar          |       |    61 |    53 |       ||   114
       Great sword       |       |       |   267 |   513 ||   780
Throw: Throwing net      |       |     1 |     1 |     2 ||     4
Invok: Curse Item        |       |       |     1 |       ||     1
Evoke: Wand              |       |       |       |    22 ||    22
  Use: Potion            |     2 |     1 |     2 |    10 ||    15
       Scroll            |       |     7 |       |     4 ||    11
 Stab: Sleeping          |     1 |       |       |       ||     1
       Held in net/web   |       |       |     1 |     2 ||     3
  Eat: Chunk             |     1 |     7 |    11 |    16 ||    35
       Ration            |       |       |     1 |       ||     1
Armor: Leather armour    |     4 |       |       |       ||     4
       Ring mail         |    63 |    27 |   133 |   197 ||   420
       Skin              |       |       |       |    47 ||    47
Dodge: Dodged            |   107 |    81 |   319 |   450 ||   957
       Rpst.: Long sword |    30 |    12 |       |       ||    42
       Scimitar          |       |    14 |    10 |       ||    24
       Great sword       |       |       |    84 |   115 ||   199
